AoeStats
← joshmoody24

MegaRandom

509814923Analyzed
3v3 RM · 4d ago on Sep 28, 2026· 45m 39s· 6 players
Game mode
Random Map
Map size
Normal (6 player)
Population
200
Speed
Normal
Resources
Standard
Victory
Conquest
Starting age
Dark Age
Ending age
Imperial Age
RankedLock teamsTeams togetherTeam positionsShared explorationLock speedFull tech treeHidden civsTurbo modeCheats
Victory
Defeat
🇺🇸 Franks · United States
858
+14
🇺🇸 Japanese · United States
752
+18
🇺🇸 Ethiopians · United States
727
+19
🇺🇸 Aztecs · United States
859
-19
🇨🇳 Byzantines · China
792
-17
🇨🇦 Teutons · Canada
763
-15
猫神TRACK
2:21 Loom
13:19 Feudal Age
20:29 Castle Age
23:36 Arson
23:52 Squires
23:38 Gambesons
25:12 Forging
25:04 Scale Mail Armor
26:30 Double-Bit Axe
26:28 Horse Collar
36:46 Crossbowman
37:31 Thumb Ring
38:26 Wheelbarrow
37:38 Loom
38:52 Thumb Ring
41:05 Hand Cart
45:35 Imperial Age
43:02 Stone Mining
43:05 Gold Mining
aelenon
1:13 Loom
12:55 Feudal Age
18:18 Castle Age
21:11 Horse Collar
21:34 Double-Bit Axe
22:27 Heavy Plow
22:40 Bow Saw
28:47 Wheelbarrow
31:36 Hand Cart
36:32 Squires
35:53 Pikeman
40:43 Imperial Age
41:01 Heavy Scorpion
41:12 Halberdier
Imported Heineken™ ★
12:25 Feudal Age
11:08 Loom
18:10 Castle Age
18:10 Double-Bit Axe
20:49 Fishing Lines
22:41 Gillnets
23:44 Eagle Warrior
26:34 Wheelbarrow
27:08 Pikeman
30:25 Gambesons
30:25 Arson
34:32 Man-at-Arms
35:31 Long Swordsman
38:06 Horse Collar
38:53 Scale Mail Armor
wildbeaver224
3:07 Loom
15:46 Feudal Age
17:14 Wheelbarrow
24:20 Forging
24:12 Scale Mail Armor
30:53 Castle Age
29:43 Double-Bit Axe
29:42 Horse Collar
31:54 Hand Cart
33:51 Bow Saw
34:01 Bow Saw
34:31 Heavy Plow
34:26 Stone Mining
34:46 Caravan
37:52 Iron Casting
37:33 Chain Mail Armor
40:46 Murder Holes
41:02 Fortified Wall
45:11 Imperial Age
FireGooManDirk
12:27 Feudal Age
19:07 Castle Age
17:12 Double-Bit Axe
19:00 Forging
19:03 Scale Barding Armor
20:52 Husbandry
26:40 Wheelbarrow
27:46 Hand Cart
33:45 Caravan
35:31 Gold Mining
35:32 Stone Mining
35:39 Stone Mining
35:38 Loom
38:28 Imperial Age
37:43 Iron Casting
37:09 Scale Mail Armor
37:31 Chain Barding Armor
39:02 Bow Saw
39:46 Siege Engineers
40:35 Cavalier
44:14 Paladin
joshmoody24
8:20 Loom
11:42 Feudal Age
17:56 Castle Age
15:58 Double-Bit Axe
16:44 Horse Collar
18:17 Scale Mail Armor
19:56 Chain Mail Armor
19:46 Squires
21:05 Bow Saw
23:55 Arson
25:23 Forging
26:14 Heavy Plow
27:34 Wheelbarrow
30:27 Town Watch
31:22 Iron Casting
31:38 Gold Mining
38:57 Imperial Age
36:45 Hand Cart
38:26 Town Patrol
41:13 Plate Mail Armor
41:44 Blast Furnace
41:23 Gold Shaft Mining
43:21 Two-Man Saw
46:11 Conscription
Connection lost

Rejoining the realm…

Still unreachable

The connection could not be restored.

Session expired

The server has moved on; the page needs a fresh start.